Map: Frozen Temple

Players

Gracz

  • Race: Terran Terran
  • League: Bronze

sweetoy - Winner!

  • Race: Zerg Zerg

VOD

Have the link to the VOD?

Description

Time

  • Played on: Sept. 3, 2016, 12:30 p.m.
  • Length: 7:13
Show
View Real Time Build Order
Export as new Build Order

Gracz Terran 

Build Orders: Reaper Expand 

Get SALT Encoding   

  12  0:03  SCV  
  13  0:15  SCV  
  14  0:24  Supply Depot  
  14  0:27  SCV  
  15  0:31  Refinery  
  15  0:45  SCV  
  16  0:55  Barracks  
  16  1:26  Command Center  
  16  1:46  Reaper  
  17  1:50  SCV  
  17  1:51  Refinery  
  18  1:54  Supply Depot  
  18  2:02  SCV  
  19  2:14  Orbital Command  
  19  2:31  Factory  
  19  2:53  SCV  
  19  2:54  SCV  
  21  3:05  SCV  
  22  3:06  SCV  
  23  3:17  SCV  
  23  3:19  SCV  
  25  3:30  Factory Reactor  
  25  3:34  Factory, Barracks Reactor  
  24  3:59  Factory, SCV  
  24  4:00  SCV  
  26  4:12  SCV, Orbital Command  
  27  4:24  Factory Reactor  
  27  4:25  Factory, SCV  
  27  4:30  Barracks  
  28  4:36  Factory  
  28  4:37  SCV  
  28  4:38  SCV  
  30  4:42  Refinery  
  30  4:43  Refinery  
  30  4:48  Barracks Reactor  
  30  4:49  SCV  
  30  4:51  Reaper  
  27  5:01  SCV  
  27  5:03  Widow Mine x4  
  27  5:05  Widow Mine  
  37  5:13  SCV  
  38  5:25  SCV, Orbital Command  
  29  5:31  Widow Mine x2  
  11  5:55  Reaper x2  
  2  6:27  Reaper  
Show
View Real Time Build Order
Export as new Build Order

sweetoy Zerg - Winner!

Build Orders: Pool First 

Get SALT Encoding   

  12  0:15  Drone x2  
  12  0:19  Overlord  
  14  0:42  Spawning Pool  
  13  0:45  Drone x2  
  15  0:58  Drone  
  15  1:02  Extractor  
  15  1:03  Drone  
  16  1:09  Extractor  
  15  1:14  Drone  
  16  1:24  Drone  
  17  1:26  Evolution Chamber  
  17  1:30  Queen  
  18  1:37  Zergling x2  
  19  1:44  Spine Crawler  
  18  1:48  Zergling x2  
  19  2:06  Drone x2  
  21  2:14  Drone  
  22  2:39  Hatchery  
  22  2:40  Drone  
  22  2:43  Metabolic Boost  
  22  2:46  Zerg Melee Weapons Level 1  
  22  3:27  Overlord x4  
  22  3:57  Drone  
  22  3:58  Drone x4  
  27  4:03  Drone x3  
  30  4:23  Roach Warren  
  29  4:42  Zergling x4  
  29  4:43  Zergling x12  
  38  5:00  Zergling x4  
  38  5:06  Queen  
  41  5:07  Drone  
  42  5:35  Zergling x16  
  48  5:41  Drone  
  40  6:26  Zergling x10  
  40  6:27  Zergling x6  
Tags
 
Add a new tag
Caveats
  • Supply blocks, unpowered buildings, or Contaminate may cause inaccurate times.
  • Supply counts are checked every 10 seconds.